 Dungeon Crawl Stone Soup version 0.27-a0-1184-ge86db4a01e (webtiles) character file.

Game seed: 10829782954022347184

73 porpoise the Conjurer (level 4, -5/27 HPs)
             Began as an Octopode Conjurer on May 19, 2021.
             Killed from afar by an orc wizard (12 damage)
             ... with a puff of flame
             ... on level 3 of the Dungeon.
             The game lasted 00:07:05 (2683 turns).

porpoise the Conjurer (Octopode Conjurer)           Turns: 2683, Time: 00:07:05

Health: -5/27      AC:  1    Str:  6    XL:     4   Next: 27%
Magic:  5/8        EV: 13    Int: 21    God:
Gold:   79         SH:  0    Dex: 10    Spells: 6/9 levels left

rFire    . . .     SeeInvis .   a - +0 short sword
rCold    . . .     Faith    .   (no shield)
rNeg     . . .     Spirit   .   (helmet restricted)
rPois    .         Reflect  .   (no amulet)
rElec    .         Harm     .   (no ring)
rCorr    .         Rampage  .   (no ring)
Will     .....                  (no ring)
Stlth    +++.......             (no ring)
HPRegen  0.09/turn              (no ring)
MPRegen  0.11/turn              (no ring)
                                (no ring)
                                (no ring)

@: very slightly contaminated
A: almost no armour, amphibious, 8 rings, camouflage 1, gelatinous body 1,
(nimble swimmer 1), tentacles
a: no special abilities


You were on level 3 of the Dungeon.
You visited 1 branch of the dungeon, and saw 3 of its levels.

You collected 79 gold pieces.

Inventory:

Hand Weapons
 a - a +0 short sword (weapon)
Missiles
 f - 41 sling bullets
 g - 20 poisoned darts
 i - 33 stones
Scrolls
 c - a scroll of magic mapping {unknown}
 e - a scroll of noise {unknown}
 h - 2 scrolls of teleportation {unknown}
Potions
 b - 2 potions of berserk rage {unknown}
 d - a potion of curing {unknown}
 j - a potion of attraction {unknown}
 k - a potion of haste {unknown}
 l - a potion of lignification {unknown}


   Skills:
 - Level 2.0 Dodging
 + Level 3.7 Stealth
 * Level 3.0 Spellcasting
 * Level 4.6 Conjurations


You had 6 spell levels left.
You knew the following spells:

 Your Spells              Type           Power      Damage    Failure   Level
a - Magic Dart            Conj           88%        1d7       1%          1
b - Searing Ray           Conj           44%        3d4       3%          2

Your spell library contained the following spells:

 Spells                   Type           Power      Damage    Failure   Level
 Dazzling Flash           Conj/Hex       26%        N/A       16%         3
 Confusing Touch          Hex            3%         N/A       36%         3
 Gell's Gravitas          Tloc           1%         N/A       36%         3
 Fulminant Prism          Conj/Hex       6%         3d7       45%         4
 Iskenderun's Mystic Bla  Conj/Tloc      13%        2d5       45%         4
 Petrify                  Tmut/Erth      3%         N/A       78%         4
 Metabolic Englaciation   Hex/Ice        1%         N/A       98%         5
 Yara's Violent Unravell  Hex/Tmut       1%         3d3       98%         5


Dungeon Overview and Level Annotations

Branches:
Dungeon (3/15)

Altars:
Nemelex Xobeh


Innate Abilities, Weirdness & Mutations

You cannot wear most types of armour.
You are amphibious.
You can wear up to eight rings at the same time.
Your skin changes colour to match your surroundings (Stealth+).
Your rubbery body absorbs attacks. (AC +1, EV +1)
((You are camouflaged near water. (Stealth+)))
You have tentacles for arms and can constrict up to eight enemies at once.


Message History

Found a stone staircase leading down.
You pick up a book of Misfortune and begin reading...
You add the spells Confusing Touch, Gell's Gravitas, Petrify, Metabolic Englaciation and Yara's Violent Unravelling to your library.
An orc wizard comes into view. It is wielding a +0 whip.
The orc wizard moves out of view.
Casting: Magic Dart (safe; 1% risk of failure)
Confirm with . or Enter, or press ? or * to list all spells.
Aiming: Magic Dart (safe; 1% risk of failure)
Press: ? - help, Shift-Dir - straight line, f - giant cockroach
Aim: a giant cockroach (wandering, hasn't noticed you, 100% to hit)
The magic dart hits the giant cockroach.
You kill the giant cockroach!
You start resting.
Magic restored.
There are monsters nearby!
Casting: Magic Dart (safe; 1% risk of failure)
Confirm with . or Enter, or press ? or * to list all spells.
Aiming: Magic Dart (safe; 1% risk of failure)
Press: ? - help, Shift-Dir - straight line, f - orc wizard
Aim: an orc wizard, wielding a +0 whip and wearing a +0 robe (wandering, hasn't noticed you, 100% to hit)
The magic dart hits the orc wizard but does no damage.
The orc wizard shouts!
You hear a shout! x3
The orc wizard points at you and mumbles some strange words.
The puff of flame hits you.
An orc priest comes into view. It is wielding a +0 spear.
Casting: Magic Dart (safe; 1% risk of failure)
Confirm with . or Enter, or press ? or * to list all spells.
Aiming: Searing Ray (safe; 3% risk of failure)
Press: ? - help, Shift-Dir - straight line, f/p - orc wizard
Aim: an orc wizard, wielding a +0 whip and wearing a +0 robe (72% to hit)
You miscast Searing Ray.
You are very lightly contaminated with residual magic.
Nothing appears to happen.
The orc wizard casts a spell at you. The puff of flame hits you!
Ouch! That really hurt!
* * * LOW HITPOINT WARNING * * *
The orc wizard points at you and mumbles some strange words.
The puff of flame hits you!
You die...

.......# #......###
..# .# #......... ..
#. #....(...##.#...#
#.............#.##
#>..........#.....
#....####.........
##........##.......
##..#...#.@......o..
###..####..#.##..o....
#...## ##.#.....##...
#.### #.###........
#.# #..##...†.... #.#
##......†....
#.##########..........
#.).<....##.....#.....
#..†)....##.#.#####...


You could see an orc priest and an orc wizard.

Vanquished Creatures
  2 adders (D:2)
  A worm (D:2)
  3 dart slugs
  An orc (D:3)
  4 endoplasms
  A giant cockroach (D:3)
  2 goblins
  5 hobgoblins
  3 jackals (D:1)
  8 kobolds
  A quokka (D:2)
  7 ball pythons
  A bat (D:2)
  2 frilled lizards
  3 rats (D:2)
44 creatures vanquished.

Vanquished Creatures (others)
  A plant (D:2)
1 creature vanquished.

Grand Total: 45 creatures vanquished

Notes
Turn   | Place    | Note
-------+----------+-------------------------------------------
     0 | D:1      | porpoise the Octopode Conjurer began the quest for the Orb.
     0 | D:1      | Reached XP level 1. HP: 11/11 MP: 3/3
    84 | D:1      | Found a sparkling altar of Nemelex Xobeh.
   159 | D:1      | Reached XP level 2. HP: 7/17 MP: 0/5
   459 | D:1      | Learned a level 2 spell: Searing Ray
  1274 | D:2      | Reached XP level 3. HP: 21/21 MP: 2/6
  2099 | D:2      | Reached XP level 4. HP: 27/27 MP: 5/8
  2683 | D:3      | Killed from afar by an orc wizard

Illustrated notes

Levels and vault maps discovered:
D:1:      psy_arrival_terrarium, layout_basic, minmay_hexomino_r4
D:2:      layout_loops_ring, serial_bayou_pond_d
D:3:      cheibrodos_greedy_goblins, layout_rooms

Skill      XL: |  1  2  3  4 |
---------------+-------------+-----
Stealth        | 3 |  3.7
Spellcasting   | 3 |  3.0
Dodging        | |  2.0
Conjurations   | |  4.6

Action                   |  1- 3 |  4- 6 || total
-------------------------+-------+-------++-------
Melee: Dagger            |     3 |       ||     3
       Constrict         |     1 |       ||     1
 Cast: Magic Dart        |    44 |    12 ||    56
       Searing Ray       |    10 |     4 ||    14
Dodge: Dodged            |    10 |     3 ||    13

Table legend: (Time is in decaauts)
 A = Elapsed time spent in this place.
 B = Non-inter-level travel time spent in this place.
 C = Inter-level travel time spent in this place.
 D = Time resting spent in this place.
 E = Time spent auto-exploring this place.
 F = Levels seen in this place.
 G = Mean time per level.
                   A        B        C        D        E       F      G
               +--------+--------+--------+--------+--------+-----+--------+
         Total |   2686 |   2570 |    116 |   1080 |   1182 |   3 |  895.3 |
       Dungeon |   2686 |   2570 |    116 |   1080 |   1182 |   3 |  895.3 |
               +--------+--------+--------+--------+--------+-----+--------+

Top non-repeatable levels by time:
     D:1: 1436 daAuts
     D:2: 1095 daAuts
     D:3: 154 daAuts
